 Dungeon Crawl Stone Soup version 0.30.1-11-g7821555f0a (webtiles) character file.

Game seed: 11884791680388368153

10084 monsoonserge the Slicer (level 10, -20/63 HPs)
             Began as a Tengu Reaver on Jan 12, 2024.
             Was a Believer of Ru.
             Demolished by a white ugly thing (23 damage)
             ... on level 12 of the Dungeon.
             The game lasted 00:42:02 (12614 turns).

monsoonserge the Slicer (Tengu Reaver)             Turns: 12614, Time: 00:42:03

Health: -20/63     AC: 11    Str: 12    XL:     10   Next: 56%
Magic:  14/14      EV: 15    Int: 16    God:    Ru [**....]
Gold:   1044       SH: 10    Dex: 15    Spells: 12/13 levels left

rFire   + . .        O - +10 mace "Pecanuvo" {flame, rCorr}
rCold   . . .        J - +0 buckler
rNeg    . . .        b - +0 swamp dragon scales
rPois   +            (helmet restricted)
rElec   .            k - +0 cloak
rCorr   +            (no gloves)
SInv    .            (boots unavailable)
Will    .....        U - amulet of reflection Stlth
                     s - ring of protection from fire
HPRegen 0.30/turn    (no ring)
MPRegen 0.14/turn

%: reflection
@: flying quickly and evasively, quick
A: beak, talons 3, no stealth, inexperienced 1, nimble flight
a: Renounce Religion


You were on level 12 of the Dungeon.
You worshipped Ru.
Ru was pleased with you.
You visited 2 branches of the dungeon, and saw 13 of its levels.
You also visited: Ossuary.

You collected 1044 gold pieces.

Inventory:

Hand Weapons
 f - a +4 dagger of speed
 N - a +1 rapier of speed
 O - the +10 mace "Pecanuvo" (weapon) {flame, rCorr}
   (You found it on level 9 of the Dungeon)

   rCorr:     It protects you from acid and corrosion.
 V - the +10 hand axe of Midwinter {heavy, Str+2 Dex+3}
   (You found it on level 11 of the Dungeon)

   Str:       It affects your strength (+2).
   Dex:       It affects your dexterity (+3).
Missiles
 h - 3 silver boomerangs (quivered)
 B - 2 curare-tipped darts
 D - 29 poisoned darts
 F - 3 boomerangs of dispersal
 Q - a throwing net
 S - 2 boomerangs
Armour
 b - +0 swamp dragon scales (worn)
 k - a +0 cloak (worn)
 H - a +1 ring mail of fire resistance
 J - a +0 buckler (worn)
 P - +0 steam dragon scales
 R - a +1 ring mail of positive energy
 W - +0 ice dragon scales
Magical Staves
 w - a staff of death
 L - a staff of conjuration
Jewellery
 s - a ring of protection from fire (left hand)
 U - an amulet of reflection (around neck)
Wands
 o - a wand of flame (48)
 y - a wand of acid (19)
 E - a wand of iceblast (9)
Scrolls
 d - a scroll of silence {unknown}
 g - 4 scrolls of teleportation
 i - 2 scrolls of torment
 j - 2 scrolls of fear {unknown}
 l - 3 scrolls of magic mapping
 n - 3 scrolls of enchant weapon
 p - 2 scrolls of vulnerability {unknown}
 q - a scroll of immolation {unknown}
 t - 2 scrolls of fog {unknown}
 v - 6 scrolls of blinking {unknown}
 x - 2 scrolls of noise {unknown}
 C - 2 scrolls of amnesia {unknown}
 M - a scroll of poison
Potions
 a - 2 potions of attraction
 c - 7 potions of curing {unknown}
 e - 7 potions of heal wounds
 m - a potion of magic {unknown}
 r - 2 potions of invisibility
 u - 3 potions of lignification
 z - 2 potions of haste {unknown}
 A - a potion of mutation {unknown}
 G - a potion of might {unknown}
 I - a potion of flight {unknown}
 K - a potion of brilliance {unknown}
 T - a potion of experience {unknown}


   Skills:
 + Level 7.3 Fighting
 - Level 10.0 Short Blades
 * Level 5.8 Maces & Flails
 + Level 3.1 Throwing
 + Level 10.0 Armour
 + Level 6.6 Dodging
 * Level 3.9 Shields
 - Level 2.0 Spellcasting
 + Level 5.7 Conjurations
 - Level 1.0 Necromancy
 + Level 2.5 Evocations


You had 12 spell levels left.
You knew the following spells:

 Your Spells              Type           Power      Damage    Failure   Level
a - Kiss of Death         Conj/Necr      48%        2d9       14%         1

Your spell library contained the following spells:

 Spells                   Type           Power      Damage    Failure   Level
 Momentum Strike          Conj/Tloc      20%        3d8       26%         2
 Dazzling Flash           Conj/Hex       20%        N/A       45%         3
 Hailstorm                Conj/Ice       10%        3d5       45%         3
 Confusing Touch          Hex            1%         N/A       85%         3
 Ignite Poison            Fire/Tmut/Pois 1%         N/A       85%         3
 Sticky Flame             Conj/Fire      10%        2d3       86%         4
 Dispel Undead            Necr           4%         3d7       98%         4
 Agony                    Necr           4%         N/A       100%        5
 Silence                  Hex/Air        0%         N/A       100%        5
 Ignition                 Fire           0%         3d3       100%        8


Dungeon Overview and Level Annotations

Branches:
Dungeon (12/15)            Temple (1/1) D:6            Lair (0/5) D:8
Ossuary (visited)
    Orc: D:9-12

Altars:
Ashenzari
Cheibriados
Dithmenos
Elyvilon
Fedhas
Gozag
Hepliaklqana
Kikubaaqudgha
Makhleb
Nemelex Xobeh
Okawaru
Qazlal
Ru
Sif Muna
Trog
Uskayaw
Vehumet
Wu Jian
Xom
Yredelemnul
Zin
The Shining One

Shops:
D:1 :

Annotations:
D:7 1 runed translucent door
D:9 2 transporters, Linnx's ghost, novice MiFi


Innate Abilities, Weirdness & Mutations

You have a beak for a mouth.
You have claws for feet.
You cannot be stealthy.
You are somewhat inexperienced. (-1 XL)
Your magical nature lets you fly swiftly and evasively.


Message History

Throw: 30 darts (poison)
Press: ? - help, Q - select action, (/) - cycle Shift-Dir - straight line, f/p - white ugly thing
Aim: a white ugly thing (lightly wounded, very poisoned, 63% to hit)
You throw a poisoned dart.
The poisoned dart hits the white ugly thing.
The white ugly thing looks as sick as possible!
The white ugly thing is lightly wounded.
Throw: 3 boomerangs (silver)
Press: ? - help, Q - select action, (/) - cycle Shift-Dir - straight line, f/p - white ugly thing
Aim: a white ugly thing (lightly wounded, extremely poisoned, 63% to hit, chaotic)
You throw a silver boomerang.
The silver boomerang closely misses the white ugly thing.
You sock the white ugly thing! You burn the white ugly thing.
Your kick misses the white ugly thing.
The white ugly thing is moderately wounded.
The white ugly thing headbutts you. The white ugly thing freezes you!!
You closely miss the white ugly thing.
You claw the white ugly thing, but do no damage.
The white ugly thing is moderately wounded.
The white ugly thing closely misses you.
You hit the white ugly thing. You burn the white ugly thing.
The white ugly thing is moderately wounded.
The white ugly thing closely misses you.
You barely miss the white ugly thing. Your kick misses the white ugly thing.
The white ugly thing is heavily wounded.
The white ugly thing headbutts you. The white ugly thing freezes you!
* * * LOW HITPOINT WARNING * * *
Press: ? - help, v - describe, . - travel
Here: a white ugly thing (heavily wounded, very poisoned)
The floor, spattered with blood.
Aiming: Corrosive Bolt
Press: ? - help, Shift-Dir - straight line, f/p - white ugly thing
Aim: a white ugly thing (heavily wounded, very poisoned, 71% to hit)
The bolt of acid hits the white ugly thing!
The acid corrodes the white ugly thing!
The white ugly thing is heavily wounded.
The white ugly thing headbutts you!
* * * LOW HITPOINT WARNING * * *
The white ugly thing freezes you!!
You die...

..###..8..........
.....)88.#...#.^.#
...)....##########
........# ........#
........# ........#
........################
...............<@u..((($
......##################
#######


You could see a white ugly thing (very poisoned, corroded).

Vanquished Creatures
  A catoblepas (D:11)
  A two-headed ogre (D:8)
  A boulder beetle (D:11)
  A fire crab (D:8)
  A manticore (D:11)
  A cyclops (D:12)
  2 centaur zombies (D:12)
  Maurice (D:8)
  Maggie (D:10)
  2 trolls
  Sigmund (D:6)
  10 yaks
  A shadow (D:12)
  A wyvern (D:9)
  A wraith (D:10)
  2 steam dragons
  2 water moccasins (D:6)
  4 sky beasts (D:6)
  2 orc warriors (D:10)
  An ice beast (D:7)
  A black bear (D:8)
  4 centaurs
  Blork the orc (D:5)
  A phantom (D:5)
  5 kobold brigands
  4 bullfrogs
  An elf zombie (Ossuary)
  A gnoll sergeant (D:8)
  3 scorpions
  3 wights (D:9)
  An electric eel (D:10)
  3 orc priests
  An iron imp (D:5)
  A sleepcap (D:5)
  6 iguanas
  5 orc wizards
  2 mummies (Ossuary)
  6 adders
  A white imp (D:8)
  A worm (D:5)
  16 orcs
  5 ball pythons
  5 endoplasms
  3 giant cockroaches
  A gnoll zombie (Ossuary)
  6 goblins
  11 hobgoblins
  28 kobolds
  2 quokkas
  3 bats
  3 frilled lizards
  2 goblin skeletons (D:5)
  4 goblin zombies
  8 hobgoblin zombies
  A kobold zombie (D:5)
  3 orc skeletons (D:5)
  4 orc zombies
  A quokka zombie (D:5)
  3 rats (D:3)
  A rat zombie (D:5)
198 creatures vanquished.

Notes
Turn   | Place    | Note
-------+----------+-------------------------------------------
     0 | D:1      | monsoonserge the Tengu Reaver began the quest for the Orb.
     0 | D:1      | Reached XP level 1. HP: 12/12 MP: 4/4
   107 | D:1      | Found Diopseez's Book Shoppe.
   282 | D:1      | Reached XP level 2. HP: 16/17 MP: 6/6
  1030 | D:2      | Found a broken altar of Ashenzari.
  1188 | D:2      | Reached XP level 3. HP: 18/21 MP: 7/7
  1250 | D:2      | Reached skill level 1 in Short Blades
  1281 | D:2      | Reached skill level 5 in Conjurations
  1825 | D:4      | Reached skill level 1 in Armour
  1825 | D:4      | Reached skill level 1 in Necromancy
  1834 | D:4      | Reached XP level 4. HP: 12/20 MP: 4/8
  2186 | D:3      | Gained mutation: Your magical nature lets you fly swiftly
                  | and evasively. [Tengu growth]
  2186 | D:3      | Reached XP level 5. HP: 19/20 MP: 9/9
  2598 | D:4      | You are sucked into a shaft and drop 2 floors!
  2613 | D:6      | Noticed a centaur
  2617 | D:6      | Killed a centaur
  2687 | D:6      | Noticed a water moccasin
  2693 | D:6      | Killed a water moccasin
  2694 | D:6      | Reached XP level 6. HP: 25/36 MP: 8/10
  2757 | D:5      | Entered Level 5 of the Dungeon
  2780 | D:5      | Reached XP level 7. HP: 24/29 MP: 6/11
  2802 | D:5      | Found a glowing golden altar of the Shining One.
  2972 | D:5      | Noticed a yak
  2972 | D:5      | Noticed a yak
  2973 | D:5      | Noticed a yak
  2974 | D:5      | Noticed a yak
  3073 | D:5      | Noticed Blork the orc
  3093 | D:5      | Killed Blork the orc
  3130 | D:5      | Found a sand-covered staircase.
  3145 | Ossuary  | Entered an ossuary
  3215 | Ossuary  | Reached skill level 5 in Armour
  3407 | D:4      | Reached skill level 5 in Short Blades
  3553 | D:5      | Noticed a yak
  4058 | D:6      | Reached XP level 8. HP: 36/46 MP: 12/12
  4157 | D:6      | Found a staircase to the Ecumenical Temple.
  4182 | Temple   | Entered the Ecumenical Temple
  4249 | Temple   | Became a worshipper of Ru the Awakened
  4294 | D:6      | Reached skill level 1 in Evocations
  4382 | D:6      | Noticed Sigmund
  4394 | D:6      | Killed Sigmund
  5319 | D:7      | Reached XP level 9. HP: 28/38 MP: 13/13
  5390 | D:7      | Found a bloodstained altar of Trog.
  5466 | D:7      | Found a burning altar of Makhleb.
  5717 | D:7      | Found a runed translucent door.
  5717 | D:7      | Noticed a sixfirhy
  6067 | D:7      | Gained mutation: You are somewhat inexperienced. (-1 XL)
                  | [Ru sacrifice]
  6067 | D:7      | Reached XP level 8. HP: 42/42 MP: 12/12
  6067 | D:7      | Reached * piety under Ru
  6638 | D:8      | Noticed Maurice
  6995 | D:8      | Killed Maurice
  7098 | D:8      | Found a staircase to the Lair.
  7099 | D:8      | Noticed a fire crab
  7167 | D:8      | Killed a fire crab
  7168 | D:8      | Reached skill level 5 in Fighting
  7168 | D:8      | Reached skill level 1 in Stealth
  7409 | D:8      | Noticed a two-headed ogre
  7536 | D:8      | Killed a two-headed ogre
  7537 | D:8      | Reached XP level 9. HP: 32/55 MP: 11/13
  8444 | D:8      | Reached skill level 5 in Dodging
  8777 | D:9      | Found a transporter.
  8780 | D:9      | Noticed a manticore
  8781 | D:9      | Noticed a two-headed ogre
  8794 | D:9      | Noticed Linnx's ghost (novice MiFi)
  8923 | D:9      | Identified the +10 mace "Pecanuvo" {flame, rCorr}
  8948 | D:9      | Reached skill level 1 in Throwing
  8950 | D:9      | Reached skill level 10 in Short Blades
  8952 | D:9      | Reached skill level 1 in Shields
  9161 | D:9      | Found a transporter.
  9550 | D:10     | Entered Level 10 of the Dungeon
  9712 | D:10     | Noticed Maggie
  9755 | D:10     | Killed Maggie
 10084 | D:10     | Reached XP level 10. HP: 33/58 MP: 14/14
 10288 | D:10     | Noticed a two-headed ogre
 10505 | D:10     | Gained mutation: You cannot be stealthy. [Ru sacrifice]
 10505 | D:10     | Reached ** piety under Ru
 11415 | D:11     | Noticed a boulder beetle
 11443 | D:11     | Killed a boulder beetle
 11691 | D:11     | Found a broken altar of Ashenzari.
 11695 | D:11     | Noticed a catoblepas
 11961 | D:11     | Identified the +10 hand axe of Midwinter {heavy, Str+2
                  | Dex+3}
 12215 | D:11     | Killed a catoblepas
 12278 | D:11     | Noticed a manticore
 12288 | D:11     | Killed a manticore
 12289 | D:11     | Reached skill level 5 in Maces & Flails
 12380 | D:12     | Noticed a cyan ugly thing
 12439 | D:12     | Noticed a cyclops
 12446 | D:12     | Killed a cyclops
 12453 | D:12     | Reached skill level 10 in Armour
 12605 | D:12     | Noticed a white ugly thing
 12614 | D:12     | HP: 3/63 [white ugly thing (11)]
 12614 | D:12     | Demolished by a white ugly thing

Illustrated notes

Levels and vault maps discovered:
D:1:      nzn_arrival_depleted_hourglass, layout_basic, serial_shops,
          shop_fountains
D:2:      layout_basic, basic_altar, serial_bayou_lagoon_b
D:3:      layout_loops_ring, chequers_serial_rivers_micro_c
D:4:      layout_rooms, wad_floor_pattern_1
D:5:      layout_cave_pods, nicolae_tso_besieged_by_evil, enter_ossuary_4,
          uniq_blork_the_orc
D:6:      layout_loops_ring, minmay_temple_entry_water_ring,
          chequers_serial_rivers_small_3, hangedman_decor_slide_cut,
          uniq_sigmund
D:7:      cheibrodos_shockbox, layout_basic, trog_three_pillars_becter,
          mainiacjoe_overflow_boulevard, patterned_corridor
D:8:      kennysheep_ambush_hall, layout_gridville, minmay_lair_entry_lava,
          uniq_maurice
D:9:      layout_loops_ring, gammafunk_ghost_arena, serial_bayou_pond_c,
          nicolae_elevator_lobby_asterisk
D:10:     layout_basic, uniq_maggie
D:11:     layout_irregular_city, evilmike_ruin_ashenzari
D:12:     layout_rooms, david_orc_3, serial_undead, serial_undead_a,
          serial_undead_b, serial_undead_c, serial_undead_c,
          nicolae_lava_and_water, nicolae_uskayaw_en_pointe
Temple:   hellmonk_temple_of_storms

Skill      XL: |  1  2  3  4  5  6  7  8  9 10 |
---------------+-------------------------------+-----
Short Blades   | 1 2 3 4 5 9 10 | 10.0
Conjurations   | 5 |  5.7
Armour         | 1 2 3 4 5 8 9 10 | 10.0
Necromancy     | 1 |  1.0
Dodging        | 3 4 5 6 |  6.6
Fighting       | 3 5 7 |  7.3
Evocations     | 2 |  2.5
Stealth        | 1 0 |  0.0
Throwing       | 1 3 |  3.1
Shields        | 2 3 |  3.9
Maces & Flails | 5 |  5.8
Spellcasting   | |  2.0

Action                     |  1- 3 |  4- 6 |  7- 9 | 10-12 || total
---------------------------+-------+-------+-------+-------++-------
  Melee: Mace              |    14 |       |    24 |    81 ||   119
         Kick              |    11 |    21 |   215 |    29 ||   276
         Peck              |    10 |     7 |   131 |    27 ||   175
         Dagger            |    58 |    67 |   572 |       ||   697
         Punch             |       |     1 |     9 |       ||    10
  Throw: Dart              |       |       |     4 |    33 ||    37
         Boomerang         |       |       |       |     7 ||     7
   Cast: Kiss of Death     |     3 |     8 |    18 |     3 ||    32
 Invoke: Sacrifice Experie |       |       |     1 |       ||     1
         Sacrifice Stealth |       |       |       |     1 ||     1
  Evoke: Wand              |       |     5 |    13 |     1 ||    19
    Use: Scroll            |       |     4 |     3 |     4 ||    11
 Armour: Leather armour    |     6 |       |       |       ||     6
         Ring mail         |     6 |     9 |    51 |       ||    66
         Swamp dragon scal |       |       |    18 |    37 ||    55
         Steam dragon scal |       |       |     3 |       ||     3
  Dodge: Dodged            |    33 |    35 |   207 |    49 ||   324
  Block: Buckler           |       |       |    15 |    31 ||    46
         Reflection        |       |       |       |     1 ||     1
